 Dungeon Crawl Stone Soup version 0.30-a0-613-gdd512c7efb (webtiles) character file.

Game seed: 13769644681732512954

38 OTABOTABOTAB the Ruffian (level 3, -5/28 HPs)
             Began as a Draconian Transmuter on Jan 8, 2023.
             Was an Initiate of Gozag.
             Slain by Sigmund
             ... wielding a +0 scythe
              (8 damage)
             ... on level 3 of the Dungeon.
             The game lasted 00:03:14 (1717 turns).

OTABOTABOTAB the Ruffian (Draconian Transmuter)     Turns: 1717, Time: 00:03:14

Health: -5/28      AC:  6    Str: 12    XL:     3   Next: 25%
Magic:  6/6        EV: 12    Int: 15    God:    Gozag
Gold:   152        SH:  0    Dex: 11    Spells: 3/6 levels left

rFire   . . .      SeeInvis .      - Unarmed
rCold   . . .      Faith    .    (no shield)
rNeg    . . .      Spirit   .    (body armour unavailable)
rPois   .          Reflect  .    (helmet restricted)
rElec   .          Harm     .    j - +0 cloak
rCorr   .          Rampage  .    (no gloves)
Will    .....                    (no boots)
Stlth   +                        (no amulet)
HPRegen 0.24/turn                (no ring)
MPRegen 0.10/turn                (no ring)

@: no status effects
A: AC +5, unfitting armour, cold-blooded
a: Renounce Religion, Potion Petition, Call Merchant, Bribe Branch


You were on level 3 of the Dungeon.
You worshipped Gozag.
Gozag was aware of your devotion.
You visited 1 branch of the dungeon, and saw 3 of its levels.

You collected 189 gold pieces.
You paid 37 gold pieces to Gozag.

Inventory:

Missiles
 s - 32 stones
Armour
 d - a +0 pair of boots
   (You found it on level 1 of the Dungeon)
 j - a +0 cloak (worn)
   (You found it on level 3 of the Dungeon)
Magical Staves
 h - a staff of cold {rC+}
   (You found it on level 2 of the Dungeon)
Scrolls
 a - 2 scrolls of amnesia
 c - 4 scrolls of identify {unknown}
 g - a scroll of noise {unknown}
 i - a scroll of immolation {unknown}
Potions
 b - 2 potions of ambrosia {unknown}
 e - a potion of brilliance {unknown}
 f - a potion of mutation {unknown}
 P - 2 potions of lignification {!q}


   Skills:
 - Level 1.1 Fighting
 - Level 1.7 Dodging
 + Level 3.7 Unarmed Combat
 - Level 2.0 Spellcasting
 + Level 3.0 Transmutations


You had 3 spell levels left.
You knew the following spells:

 Your Spells              Type           Power      Damage    Failure   Level
a - Beastly Appendage     Tmut           20%        N/A       6%          1
b - Wereblood             Tmut           10%        N/A       10%         2

Your spell library contained the following spells:

 Spells                   Type           Power      Damage    Failure   Level
 Blink                    Tloc           2%         N/A       32%         2
 Momentum Strike          Conj/Tloc      2%         3d8       32%         2
 Spider Form              Tmut/Pois      6%         N/A       34%         3
 Lesser Beckoning         Tloc           2%         N/A       54%         3
 Ice Form                 Ice/Tmut       6%         N/A       75%         4


Dungeon Overview and Level Annotations

Branches:
Dungeon (3/15)

Altars:
Fedhas
Gozag

Annotations:
D:3 Sigmund


Innate Abilities, Weirdness & Mutations

Your plain brown scales are hard. (AC +5)
You cannot fit into any form of body armour.
You are cold-blooded and may be slowed by cold attacks.


Message History

Things that are here:
a +0 club; a +0 leather armour
Things that are here:
a +0 club; a +0 leather armour You now have 123 gold pieces (gained 5).
You see here a +0 dagger.
MP restored: 6 Your horns disappear.
Your talons disappear.
The orc shouts!
An orc is nearby!
You grow a pair of large bovine horns.
Your feet morph into talons.
You now have 5/6 mp.
You hit the orc. You claw the orc.
You kill the orc!
Unknown command.
No target in view!
No target in view!
Your horns disappear.
Your talons disappear.
You now have 130 gold pieces (gained 7).
You see here a +0 short sword.
You now have 145 gold pieces (gained 15).
An endoplasm is nearby!
MP restored: 6 No reachable target in view!
No reachable target in view!
An endoplasm is nearby!
Why would you want to do that?
An endoplasm is nearby!
You grow a pair of large bovine horns.
Your feet morph into talons.
You now have 5/6 mp.
Unknown command.
The endoplasm jiggles.
The endoplasm closely misses you.
You completely miss the endoplasm. You claw the endoplasm.
The endoplasm barely misses you.
Unknown command.
You hit the endoplasm.
You claw the endoplasm, but do no damage.
You tail-slap the endoplasm.
Your transformation is almost over.
The endoplasm hits you but does no damage.
You hit the endoplasm but do no damage.
You claw the endoplasm, but do no damage.
You headbutt the endoplasm.
You kill the endoplasm!
Your Transmutations skill increases to level 3!
No target in view!
Your horns disappear.
Your talons disappear.
You now have 152 gold pieces (gained 7).
Sigmund the Dreaded comes into view.
He is wielding a +0 scythe and wearing a +2 robe of willpower.
Sigmund shouts!
MP restored: 6 You grow a pair of large bovine horns.
Your feet morph into talons.
Sigmund hits you from afar with a +0 scythe!
You take 9 damage, and have 19/28 hp.
MASSIVE DAMAGE!!
You now have 5/6 mp.
Sigmund gestures at you while chanting.
You are confused.
You punch Sigmund! Your kick misses Sigmund. Sigmund hits you with a +0 scythe.
You take 4 damage, and have 15/28 hp.
Sigmund misses you.
You miss Sigmund. You claw Sigmund. You headbutt Sigmund, but do no damage.
Sigmund barely misses you.
Sigmund hits you from afar with a +0 scythe!
* * * LOW HITPOINT WARNING * * *
You take 9 damage, and have 7/28 hp.
MASSIVE DAMAGE!!
You feel less confused. Sigmund closely misses you.
You barely miss Sigmund. You headbutt Sigmund, but do no damage.
MP restored: 6 You barely miss Sigmund.
Your kick misses Sigmund. Your headbutt misses Sigmund.
Sigmund completely misses you.
You hit Sigmund but do no damage. Your kick misses Sigmund.
Your headbutt misses Sigmund. Sigmund barely misses you.
You hit Sigmund. Your kick misses Sigmund.
Your transformation is almost over.
You hit Sigmund. Your headbutt misses Sigmund. Sigmund barely misses you.
You hit Sigmund but do no damage. Your kick misses Sigmund.
You headbutt Sigmund.
Your tail-slap misses Sigmund.
You barely miss Sigmund. Sigmund hits you but does no damage.
You closely miss Sigmund. Your kick misses Sigmund.
Sigmund points at you and mumbles some strange words.
The magic dart hits you!
* * * LOW HITPOINT WARNING * * *
You take 6 damage, and have 3/28 hp.
MASSIVE DAMAGE!!
You hit Sigmund. Your kick misses Sigmund.
Your tail-slap misses Sigmund.
Sigmund misses you.
You closely miss Sigmund. You completely miss Sigmund.
Your kick misses Sigmund. Sigmund gestures at you while chanting.
You resist with significant effort.
You barely miss Sigmund. Your kick misses Sigmund.
You punch Sigmund, but do no damage.
Your horns disappear.
Your talons disappear.
Sigmund hits you with a +0 scythe!
You die...
Your body crumbles into a pile of gold.

## ### #. ..# #. #.## #.
+..# #.##### #####..#
#..)).#####....."######
#####........##.@@......
..........#####.########
...<.)..........#
.....≈≈≈≈≈≈≈≈≈.##
##.#.≈.......≈.####
#.#.≈.#.###.≈....#
#.#.≈.#...#.≈.##.#
#.#.≈.#._.#.≈.#..#
#.#...#...#.≈...#


You could see Sigmund.

Vanquished Creatures
  An adder (D:2)
  A dart slug (D:1)
  3 orcs (D:3)
  4 endoplasms
  2 giant cockroaches
  2 goblins
  A hobgoblin (D:1)
  A quokka (D:1)
  2 ball pythons (D:2)
  2 bats
  A frilled lizard (D:1)
  2 kobolds (D:2)
  2 rats
24 creatures vanquished.

Notes
Turn   | Place    | Note
-------+----------+-------------------------------------------
     0 | D:1      | OTABOTABOTAB the Draconian Transmuter began the quest for
                  | the Orb.
     0 | D:1      | Reached XP level 1. HP: 16/16 MP: 3/3
   268 | D:1      | Reached XP level 2. HP: 23/23 MP: 3/5
   272 | D:1      | Learned a level 2 spell: Wereblood
   972 | D:2      | Reached XP level 3. HP: 26/28 MP: 6/6
  1109 | D:2      | Found an opulent altar of Gozag.
  1119 | D:2      | Became a worshipper of Gozag Ym Sagoz the Greedy
  1297 | D:2      | Identified the +1 leather armour "Idaqaaf" {rElec}
  1369 | D:2      | HP: 6/28 [poisoned by a goblin]
  1374 | D:2      | HP: 2/28 [poisoned by a goblin]
  1586 | D:3      | Found a blossoming altar of Fedhas.
  1678 | D:3      | Reached skill level 3 in Transmutations
  1696 | D:3      | Noticed Sigmund
  1704 | D:3      | HP: 7/28 [Sigmund/+0 scythe (9)]
  1713 | D:3      | HP: 3/28 [Sigmund/magic dart (7)]
  1717 | D:3      | Slain by Sigmund

Illustrated notes

Levels and vault maps discovered:
D:1:      shiori_arrival_elements, layout_loops_ring
D:2:      layout_basic, basic_altar, amcnicky_mini_rare_corridor_liquid,
          amcnicky_mini_pool_small
D:3:      layout_rooms, mainiacjoe_overflow_brackets,
          nemelex_xobeh_ov_fountains_minmay,
          mainiacjoe_overflow_surrounded_room, uniq_natasha, uniq_ijyb,
          uniq_sigmund

Skill      XL: |  1  2  3 |
---------------+----------+-----
Transmutations | 3 |  3.0
Fighting       | |  1.1
Dodging        | |  1.7
Unarmed Combat | |  3.7
Spellcasting   | |  2.0

Action                   || total
-------------------------++-------
Melee: Unarmed           ||    74
       Kick              ||    12
       Tailslap          ||     4
       Headbutt          ||     8
       Punch             ||     3
Throw: Stone             ||     2
 Cast: Beastly Appendage ||    11
 Abil: End Transformatio ||     8
  Use: Scroll            ||     2
 Stab: Sleeping          ||     1
Armor: Skin              ||    13
Dodge: Dodged            ||    46

Table legend: (Time is in decaauts)
 A = Elapsed time spent in this place.
 B = Non-inter-level travel time spent in this place.
 C = Inter-level travel time spent in this place.
 D = Time resting spent in this place.
 E = Time spent auto-exploring this place.
 F = Levels seen in this place.
 G = Mean time per level.
                   A        B        C        D        E       F      G
               +--------+--------+--------+--------+--------+-----+--------+
         Total |   1712 |   1654 |     58 |    212 |   1207 |   3 |  570.7 |
       Dungeon |   1712 |   1654 |     58 |    212 |   1207 |   3 |  570.7 |
               +--------+--------+--------+--------+--------+-----+--------+

Top non-repeatable levels by time:
     D:2: 842 daAuts
     D:1: 739 daAuts
     D:3: 130 daAuts

Table legend:
 A = Kills in this place as a percentage of kills in entire the game.
 B = Kills by you in this place as a percentage of kills by you in the entire game.
 C = Kills by friends in this place as a percentage of kills by friends in the entire game.
 D = Other kills in this place as a percentage of other kills in the entire game.
 E = Experience gained in this place as a percentage of experience gained in the entire game.
 F = Experience gained in this place divided by the number of levels of this place that you have seen.
                   A       B       C       D       E      F
               +-------+-------+-------+-------+-------+----------------------
         Total | 100.0 | 100.0 |   N/A |   N/A | 100.0 |  18.3
       Dungeon | 100.0 | 100.0 |   N/A |   N/A | 100.0 |  18.3
               +-------+-------+-------+-------+-------+----------------------
